 Dungeon Crawl Stone Soup version 0.19-a0-1225-gf887c1c (webtiles) character file.

521550 MackTheKnife the Sorcerer (level 24, -1/151 HPs)
             Began as a Deep Elf Ice Elementalist on Aug 24, 2016.
             Was the Champion of Vehumet.
             Killed from afar by a titan (15 damage)
             ... with a bolt of lightning
             ... on level 5 of the Vaults on Aug 25, 2016.
             The game lasted 04:10:13 (62205 turns).

MackTheKnife the Sorcerer (DEIE)                   Turns: 62205, Time: 04:10:13

Health: -1/151     AC: 27    Str:  5    XL:     24   Next: 12%
Magic:  22/56      EV: 25    Int: 32    God:    Vehumet [******]
Gold:   4170       SH: 16    Dex: 25    Spells: 14 memorised, 10 levels left

rFire  + + .     SeeInvis .     a - +6 falchion of Circularity {venom, rElec rN++ Int+2 Dex+3}
rCold  + . .     Gourm    .     m - +5 steam dragon armour {rSteam}
rNeg   + + .     Faith    +     G - +2 shield of Resistance {rF+ rC+ MR+}
rPois  +         Spirit   .     i - +0 Maxwell's etheric cage {RegenMP+ *Contam rElec MP+4}
rElec  +         Dismiss  .     U - +2 cloak
rCorr  .         Reflect  .     V - +2 pair of gloves of Ben Ogg {+Blink rPois rF+ Dex+4}
MR     +++..     Harm     .     K - +2 pair of boots {Stlth+}
Stlth  ++........               d - amulet of faith {Faith, !P}
                                u - ring of wizardry {Wiz+, !d}
                                J - +6 ring of protection

@: contaminated, glowing, studying Conjurations
A: no striking features
a: Renounce Religion, Evoke Blink
}: 3/15 runes: serpentine, barnacled, silver


You were on level 5 of the Vaults.
You worshipped Vehumet.
Vehumet was exalted by your worship.
You were near starving.

You visited 9 branches of the dungeon, and saw 43 of its levels.
You visited 1 bazaar.
You also visited: Ossuary, Bailey and Volcano.

You collected 6977 gold pieces.
You spent 2807 gold pieces at shops.

Inventory:

Hand Weapons
 a - the +6 falchion of Circularity (weapon) {venom, rElec rN++ Int+2 Dex+3}
   (You found it on level 5 of the Dungeon)

   It poisons the flesh of those it strikes.
   It affects your intelligence (+2).
   It affects your dexterity (+3).
   It insulates you from electricity.
   It greatly protects you from negative energy.
Armour
 i - the +0 Maxwell's etheric cage (worn) {RegenMP+ *Contam rElec MP+4}
   (You bought it in a shop on level 2 of the Orcish Mines)

   It insulates you from electricity.
   It affects your magic capacity (+4).
   It causes magical contamination when unequipped.
 m - a +5 steam dragon armour (worn) {rSteam}
   (You took it off a tengu warrior on level 12 of the Dungeon)
 G - the +2 shield of Resistance (worn) {rF+ rC+ MR+}
   (You found it on level 3 of the Elven Halls)

   It protects you from fire.
   It protects you from cold.
   It affects your resistance to hostile enchantments.
 K - a +2 pair of boots of stealth (worn)
   (You found it on level 3 of the Elven Halls)
 U - a +2 cloak (worn)
   (You found it on level 12 of the Dungeon)
 V - the +2 pair of gloves of Ben Ogg (worn) {+Blink rPois rF+ Dex+4}
   (You found it on level 3 of the Elven Halls)

   It affects your dexterity (+4).
   It protects you from fire.
   It protects you from poison.
   It lets you blink.
Magical Staves
 B - an uncursed staff of energy {@w1+MP, hungerless spells, !d!a}
   (You found it on level 4 of the Shoals)
 T - an uncursed staff of wizardry {wiz+, !a}
   (You found it on level 3 of the Elven Halls)
Rods
 b - a +5 rod of shadows (4/10)
   (You found it on level 3 of the Elven Halls)
Jewellery
 d - an amulet of faith (around neck) {Faith, !P}
   (You found it on level 2 of the Dungeon)
 l - an uncursed ring of see invisible {sInv, !d}
   (You took it off a kobold on level 1 of the Dungeon)
 u - a ring of wizardry (right hand) {Wiz+, !d}
   (You found it on level 3 of the Shoals)
 J - a +6 ring of protection (left hand)
   (You found it on level 13 of the Dungeon)
 R - an uncursed ring of protection from magic {MR+, !d}
   (You bought it in a shop in a bazaar)
 Z - an uncursed ring of protection from cold {rC+, !d}
   (You found it on level 2 of the Lair of Beasts)
Wands
 r - a wand of hasting (7/9)
   (You acquired it on level 3 of the Vaults)
 w - a wand of teleportation (4/9)
   (You took it off an orc on level 12 of the Dungeon)
 O - a wand of disintegration (9/24)
   (You found it on level 6 of the Lair of Beasts)
Scrolls
 e - 10 scrolls of fear
 f - 10 scrolls of recharging
 h - 20 scrolls of remove curse
 k - 15 scrolls of enchant weapon
 x - 2 scrolls of enchant armour
 y - 3 scrolls of blinking {!r}
 C - 8 scrolls of teleportation
 D - 3 scrolls of fog
 F - 2 scrolls of immolation {!r}
 Q - 7 scrolls of magic mapping {!r}
 W - a scroll of summoning
 X - 11 scrolls of identify
Potions
 g - 3 potions of invisibility
 j - a potion of ambrosia
 n - 7 potions of resistance
 o - 6 potions of might
 p - 7 potions of agility
 s - 18 potions of curing
 z - 3 potions of haste
 H - a potion of cancellation
 I - 4 potions of brilliance
 M - a potion of heal wounds
 N - 9 potions of flight
 P - 2 potions of cure mutation {!q}
Books
 t - a manual of Conjurations {!d}
   (You found it on level 5 of the Vaults)
Miscellaneous
 E - a phial of floods (inert)
   (You found it on level 12 of the Dungeon)
 L - a lamp of fire (inert)
   (You found it on level 6 of the Lair of Beasts)
Comestibles
 c - 18 bread rations {@e1}
 q - 14 meat rations {@e2}
 v - 26 fruits


   Skills:
 - Level 15.4 Fighting
 - Level 5.1 Long Blades
 - Level 3.2 Armour
 - Level 12.5 Dodging
 - Level 6.4 Stealth
 - Level 15.5 Shields
 + Level 23.9 Spellcasting
 + Level 18.8 Conjurations
 - Level 12.3 Charms
 - Level 4.3 Summonings
 - Level 8.8 Necromancy
 - Level 18.4 Ice Magic
 - Level 10.0 Air Magic
 - Level 6.1 Evocations


You had 10 spell levels left.
You knew the following spells:

 Your Spells              Type           Power        Failure   Level  Hunger
a - Summon Ice Beast      Ice/Summ       #######.     1%          4    None
b - Bolt of Cold          Conj/Ice       ########..   1%          6    None
c - Stone Arrow           Conj/Erth      ######       1%          3    None
d - Deflect Missiles      Chrm/Air       #######...   1%          6    None
e - Freezing Cloud        Conj/Ice/Air   #######...   1%          6    None
f - Glaciate              Conj/Ice       ########..   3%          9    #####..
g - Blink                 Tloc           N/A          1%          2    None
h - Simulacrum            Ice/Necr       #######...   1%          6    None
i - Apportation           Tloc           #####.....   1%          1    None
j - Haste                 Chrm           #######.     1%          6    None
k - Freeze                Ice            ####         0%          1    None
r - Regeneration          Chrm/Necr      #######...   1%          3    None
x - Throw Frost           Conj/Ice       ######       0%          2    None
z - Dispel Undead         Necr           #######.     1%          5    None


Dungeon Overview and Level Annotations

Branches:
Dungeon (15/15)            Temple (1/1) D:4            Lair (6/6) D:11
 Shoals (4/4) Lair:3        Snake (4/4) Lair:2        Slime (0/5) Lair:6
    Orc (2/2) D:12            Elf (3/3) Orc:2        Vaults (5/5) D:14
  Crypt (3/3) Vaults:3       Tomb (0/3) Crypt:3      Depths (0/5) D:15

Altars:
Ashenzari
Cheibriados
Dithmenos
Elyvilon
Fedhas
Gozag
Hepliaklqana
Kikubaaqudgha
Makhleb
Nemelex Xobeh
Okawaru
Qazlal
Ru
Sif Muna
Trog
Uskayaw
Vehumet
Yredelemnul
Zin
Jiyva

Shops:
D:7 =   D:11 (   Orc:1 (   Orc:2 [?*   Elf:1 [   Elf:2 }   Elf:3 (   Snake:2 ?
Snake:3 ?   Snake:4 }[[[   Vaults:1 }   Vaults:2 !   Vaults:5 (

Portals:
Trove: Elf:1 (show abyssal rune of Zot)

Annotations:
Snake:4 1 exclusion
Elf:2 3 runed doors


Message History

Your centaur warrior hits the storm dragon.
You block the storm dragon's attack. x2; The storm dragon barely misses you.
The deep elf high priest misses you.
You riposte.
You slash the deep elf high priest!
You kill the deep elf high priest!
Vehumet accepts your kill.
Your centaur warrior hits the storm dragon.
You slash the storm dragon!
The storm dragon looks as sick as possible!
The storm dragon barely misses you.
You riposte.
You slash the storm dragon!
You kill the storm dragon!
Vehumet accepts your kill.
You feel your power returning.
Your eye of draining gazes at the crawling corpse.
You regained 6 mp, and now have 15/56 mp.
Your centaur warrior hits the crawling corpse!
You see here a storm dragon corpse.
You attempt to give life to the dead...
Your centaur warrior completely misses the crawling corpse.
You now have 11/56 mp.
Unknown command.
A crawling corpse is nearby!
Unknown command.
Your centaur warrior hits the crawling corpse.
Your centaur warrior hits the crawling corpse!
The crawling corpse is destroyed!
Your centaur warrior dissolves into shadows!
Unknown command.
You start resting.
A war gargoyle comes into view. It is wielding a flail.
Unknown command.
You regained 6 hp, and now have 98/146 hp.
You regained 11 mp, and now have 24/56 mp.
An ancient lich opens the door.
The war gargoyle hits your storm dragon simulacrum with a flail!!
Your storm dragon simulacrum bites the war gargoyle!
Your storm dragon simulacrum freezes the war gargoyle!
The war gargoyle resists.
Your storm dragon simulacrum completely misses the war gargoyle.
Your storm dragon simulacrum tramples the war gargoyle but does no damage.
The war gargoyle launches metal splinters at you.
The spray of metal splinters hits your storm dragon simulacrum.
The spray of metal splinters misses you.
The spray of metal splinters hits your eye of draining.
Unknown command.
The war gargoyle hits your storm dragon simulacrum with a flail.
Your storm dragon simulacrum bites the war gargoyle but does no damage.
Your storm dragon simulacrum claws the war gargoyle.
Your storm dragon simulacrum freezes the war gargoyle!!
The war gargoyle resists.
Your storm dragon simulacrum tramples the war gargoyle but does no damage.
Unknown command.
The war gargoyle launches metal splinters at you.
The spray of metal splinters hits your storm dragon simulacrum.
The spray of metal splinters misses you.
The ancient lich points at you and mumbles some strange words.
The iron shot hits your storm dragon simulacrum.
The war gargoyle hits your storm dragon simulacrum with a flail!!
Unknown command.
Aim: an ancient lich The ancient lich convulses!
The war gargoyle hits your eye of draining with a flail!!
Your eye of draining dies!
The war gargoyle launches metal splinters at you.
The spray of metal splinters misses you.
You now have 23/56 mp.
Aim: an ancient lich (heavily damaged)
The ancient lich convulses!
The ancient lich points at you and mumbles some strange words.
The iron shot hits you!
* * * LOW HITPOINT WARNING * * *
You take 64 damage, and have 36/146 hp.
MASSIVE DAMAGE!!
You now have 19/56 mp.
You feel much better.
The war gargoyle launches metal splinters at you.
The spray of metal splinters hits you!
* * * LOW HITPOINT WARNING * * *
You take 20 damage, and have 16/151 hp.
Unknown command.
Really read
y - 6 scrolls of blinking {!r}?
Blink to where?
As you read the scroll of blinking {!r}, it crumbles to dust.
Really read
y - 5 scrolls of blinking {!r}?
Blink to where?
You are contaminated with residual magic.
As you read the scroll of blinking {!r}, it crumbles to dust.
A deep elf mage comes into view. It is wielding a long sword.
Really read
y - 4 scrolls of blinking {!r}?
Blink to where?
As you read the scroll of blinking {!r}, it crumbles to dust.
A stone giant, a titan, a freezing wraith and a shock serpent come into view.
The titan shouts!
The stone giant shouts!
The deep elf mage shouts!
The shock serpent hisses angrily.
The deep elf mage casts a spell at you. The bolt of lightning hits you!
You resist.
* * * LOW HITPOINT WARNING * * *
The titan gestures at you while chanting.
The bolt of lightning hits you! You resist.
You die...

**,******,,***,#...,*#..##..)####
,,,,,,,,,,,,,..#....##.#*##.## ##
**,***,***,**#.#....##.####.# ##.
*,* *,* *,*##.#....##..##./###..
**,***,***,##..#....#......###...
,,,,,,,,,,,,C...[.....S.#####....
*********#####.[[[[...###########
,,,,,,,,,.....[.[<<[....Q§§......
,,,,,,,,,......[@[C<....§§§......
,,,,,,,,,.....[e[<<.....§§§?....*
,,,,,,,,,.......[.......§§§......
**###########.........###########
,,......................,,,...#*
,,........§##...?..W#...,,,....#*
,,.......#####.#....#..##**#....#
,,...###.# *#.#....#..#**,,#....
,,#**###'####.,*,,,,*,,**,,,,#...


You could see a titan, a stone giant, a shock serpent, a freezing wraith and a
deep elf mage.

Vanquished Creatures
  An ancient lich (Crypt:3)
  Khufu (Crypt:1)
  Mara (Vaults:2)
  Boris (Crypt:3)
  2 greater mummies (Crypt:1)
  Frederick (Crypt:3)
  Xtahua (Vaults:2)
  A golden dragon (Vaults:5)
  A bone dragon (Crypt:3)
  Jory (Vaults:5)
  2 liches (Crypt:3)
  A shard shrike zombie (Crypt:1)
  A titan (Vaults:5)
  Polyphemus (Shoals:2)
  A kraken (Shoals:3)
  A quicksilver dragon (Vaults:5)
  4 ancient champions
  2 deep elf master archers (Elf:3)
  5 sphinxes
  2 shadow dragons (Vaults:5)
  Kirke (D:13)
  Roxanne (D:15)
  5 tengu reavers
  A revenant (Crypt:1)
  2 storm dragons (Vaults:5)
  9 greater nagas
  Donald (Vaults:3)
  3 fire giants
  Ilsuiw (Shoals:4)
  5 deep elf sorcerers (Elf:3)
  2 frost giants (Vaults:4)
  Louise (D:15)
  12 vault wardens
  Aizul (Snake:1)
  7 ironheart preservers
  A curse skull (Crypt:2)
  20 ghouls
  2 deep elf elementalists (Elf:3)
  3 war gargoyles (Crypt:3)
  9 stone giants
  7 deep elf demonologists (Elf:3)
  2 very ugly things (Vaults:5)
  7 vampire knights
  10 deep elf annihilators
  2 eidola (Crypt:1)
  10 deep elf death magi
  2 crystal guardians (Crypt:3)
  An ettin (shapeshifter) (Vaults:5)
  8 merfolk javelineers
  7 merfolk impalers
  10 yaktaur captains
  7 ettins
  A fire dragon (D:15)
  Josephine (D:15)
  7 jiangshi
  Fannar (D:12)
  2 great orbs of eyes
  3 deep elf high priests
  3 quicksilver dragon skeletons (Crypt:1)
  2 rakshasas
  An alligator snapping turtle (Shoals:4)
  3 ice dragons
  7 hydras
  An anaconda (shapeshifter) (Vaults:5)
  13 naga warriors
  26 vault guards
  Erica (D:9)
  9 anacondas
  A catoblepas (Shoals:2)
  The ghost of Deemzul the Carver, a journeyman OpBe of Trog (D:12)
  2 death knights
  8 centaur warriors
  2 deep troll earth magi (Vaults:1)
  A deep troll shaman (Vaults:1)
  20 death yaks
  9 merfolk aquamancers
  2 satyrs
  2 tengu warriors
  14 ogre magi
  3 merfolk avatars
  The ghost of SkyBlueFox the Summoner, a journeyman VSSu of Xom (Orc:1)
  Urug (Lair:5)
  19 naga sharpshooters
  A small abomination (Elf:3)
  15 dancing weapons
  13 shock serpents
  6 vampire magi
  2 titan zombies
  4 orc high priests
  21 deep elf knights
  A storm dragon zombie (Crypt:3)
  3 fire crabs
  2 shadow wraiths
  Nergalle (Lair:3)
  31 skeletal warriors
  A fire crab (shapeshifter) (Elf:2)
  A salamander mystic (Snake:4)
  6 hell knights (Crypt:3)
  A golden dragon zombie (Crypt:3)
  8 unseen horrors
  13 sea snakes
  A spark wasp zombie (Crypt:1)
  6 deep trolls
  A spriggan druid (Elf:1)
  2 wolf spider zombies
  9 naga ritualists
  14 deep elf archers
  15 hill giants
  9 ironbrand convokers
  5 flayed ghosts
  A giant orange brain (Vaults:1)
  10 necromancers
  The ghost of Schizzik the Skirmisher, a novice DsGl of Ru (Bailey)
  2 wizards
  11 phantasmal warriors
  21 orc knights
  65 deep elf magi
  An anaconda skeleton (Crypt:1)
  24 harpies
  2 stone giant zombies (Crypt:1)
  9 mana vipers
  7 manticores
  23 ugly things
  7 orc sorcerers
  4 hornets
  4 wolf spiders
  11 fauns
  A frost giant skeleton (Crypt:1)
  13 cyclopes
  34 black mambas
  10 griffons
  2 centaur zombies (D:12)
  A frost giant zombie (Crypt:3)
  A shadow dragon skeleton (Crypt:3)
  2 fire giant skeletons (Crypt:1)
  Joseph (D:12)
  6 salamanders
  10 vault sentinels
  9 guardian serpents
  10 naga magi
  Psyche (D:9)
  10 elephants
  3 gargoyles
  7 sirens
  A torpor snail (Lair:3)
  6 water nymphs
  10 spiny frogs
  An efreet (D:15)
  2 dire elephant skeletons
  A rime drake (Lair:3)
  A grey draconian zombie (Crypt:2)
  10 freezing wraiths
  26 yaktaurs
  A golden dragon simulacrum (Crypt:1)
  8 komodo dragons
  2 guardian mummies (Elf:1)
  2 queen bees (shapeshifter)
  2 harpy zombies
  A catoblepas skeleton (Crypt:3)
  8 trolls
  2 polar bears (Lair:6)
  A pale draconian skeleton (Crypt:2)
  26 merfolk
  27 two-headed ogres
  A meliai (shapeshifter) (Vaults:4)
  3 meliai (D:15)
  A wind drake (Shoals:4)
  The ghost of Schizzik the Skirmisher, an amateur DsGl of Ru (Ossuary)
  A two-headed ogre (shapeshifter) (Vaults:4)
  A meliai zombie (D:15)
  6 boulder beetles
  A hydra skeleton (Crypt:1)
  17 slime creatures
  4 bog bodies
  A fire dragon zombie (Crypt:3)
  A frost giant simulacrum (Crypt:1)
  21 blink frogs
  2 ettin zombies (Crypt:3)
  A black mamba zombie (Crypt:1)
  7 snapping turtles
  A tarantella zombie (Crypt:2)
  19 flying skulls (Crypt:3)
  A fire dragon skeleton (Crypt:3)
  9 spriggans (Lair:6)
  2 air elementals
  A redback (Lair:6)
  A shadow (Crypt:1)
  A vampire (D:11)
  2 tarantellas (shapeshifter)
  An ice dragon skeleton (Crypt:2)
  11 water elementals
  The ghost of rlgrobin the Skirmisher, an amateur MiFi (D:3)
  A fire bat (shapeshifter) (Elf:1)
  10 wraiths
  4 fire elementals (Elf:3)
  A human (shapeshifter) (Vaults:1)
  Eustachio (D:4)
  51 yaks
  5 basilisks
  2 hogs (D:13)
  2 hogs (shapeshifter)
  The ghost of Fv001 the Skirmisher, an amateur DsCK of Xom (D:4)
  12 fire bats
  10 hippogriffs
  A human (D:7)
  A steam dragon (D:15)
  7 vampire mosquitoes (D:12)
  5 wargs
  A hungry ghost (D:10)
  A yaktaur simulacrum (Vaults:3)
  A harpy simulacrum (Vaults:1)
  56 nagas
  5 mottled dragons
  A hell hound (Volcano)
  A giant eyeball (shapeshifter) (Vaults:1)
  8 porcupines
  14 water moccasins
  A putrid demonspawn skeleton (Crypt:2)
  5 wasps
  5 ice beasts
  3 sky beasts
  3 black bears
  37 orc warriors
  9 necrophages
  An ettin simulacrum (Crypt:1)
  A manticore zombie (Crypt:1)
  48 ogres
  3 phantoms
  A snapping turtle zombie (Crypt:3)
  29 wolves
  7 boggarts
  30 centaurs
  A manticore skeleton (Crypt:1)
  22 crocodiles
  2 big kobolds
  16 giant frogs
  An earth elemental (Elf:1)
  2 wyvern zombies
  2 gnoll sergeants
  A water moccasin zombie (D:8)
  A troll zombie (Crypt:2)
  4 scorpions
  5 wights (D:7)
  10 killer bees
  A howler monkey (D:5)
  3 jellies
  2 electric eels
  A polar bear skeleton (Crypt:1)
  2 giant frog zombies
  10 crimson imps
  4 hounds
  A human simulacrum (Vaults:1)
  A quasit (D:12)
  A wyvern simulacrum (D:14)
  7 centaur skeletons
  15 orc priests
  2 human zombies (D:5)
  2 giant frog skeletons
  18 iguanas
  Ijyb (D:2)
  Natasha (D:4)
  Terence (D:2)
  11 worker ants
  25 orc wizards
  19 sheep
  A mottled dragon skeleton (Crypt:1)
  A naga skeleton (Crypt:1)
  2 hound zombies
  A hound skeleton (D:3)
  4 mummies
  2 worker ant zombies
  Robin (D:3)
  A scorpion zombie (Crypt:1)
  10 gnolls
  A howler monkey skeleton (D:7)
  14 adders
  32 river rats
  A steam dragon skeleton (Crypt:2)
  4 shadow imps
  2 oozes (D:2)
  2 adder skeletons
  An iguana skeleton (Crypt:2)
  4 worms
  4 dart slugs
  12 giant geckos
  112 orcs
  A ball python (D:6)
  2 bats
  10 giant cockroaches
  31 goblins
  21 hobgoblins
  7 jackals
  2 quokkas
  9 giant newts
  A gnoll skeleton (Crypt:1)
  29 kobolds
  A kobold zombie (Ossuary)
  2 orc skeletons (D:5)
  An orc zombie (D:5)
  5 rats
  A river rat skeleton (Crypt:1)
  A butterfly (Lair:5)
  A crawling corpse (Elf:3)
  6 fungi
  18 plants
2072 creatures vanquished.

Vanquished Creatures (collateral kills)
  Sojobo (Vaults:2)
  A tentacled monstrosity (Vaults:5)
  A deep elf blademaster (Elf:3)
  A stone giant (Vaults:5)
  3 ghouls (Crypt:1)
  A reaper (Crypt:3)
  A war gargoyle (Crypt:3)
  A deep elf annihilator (Elf:3)
  A naga warrior (Snake:4)
  A merfolk aquamancer (Shoals:4)
  A death yak (Shoals:2)
  2 dancing weapons
  2 shock serpents (Snake:4)
  A sea snake (shapeshifter) (D:15)
  4 deep elf archers
  A necromancer (Crypt:3)
  An ironbrand convoker (Vaults:5)
  6 deep elf magi
  4 ugly things
  3 manticores (Shoals:2)
  A siren (Shoals:4)
  2 black mambas
  3 merfolk
  A snapping turtle (Shoals:4)
  A bog body (Crypt:1)
  2 water elementals (Shoals:4)
  An air elemental (Elf:1)
  3 yaks
  3 hogs
  2 hippogriffs
  A warg (Elf:3)
  3 nagas (Snake:4)
  A soldier ant (D:12)
  2 water moccasins
  A porcupine (Lair:2)
  3 ice beasts
  3 orc warriors
  A sky beast (D:11)
  3 phantoms
  A black bear (D:8)
  A necrophage (D:11)
  An ogre (D:8)
  A centaur (D:6)
  An elf zombie (D:5)
  A giant frog (D:11)
  A scorpion (D:10)
  A water moccasin skeleton (D:10)
  5 killer bees (D:8)
  3 crimson imps
  A giant frog zombie (D:9)
  3 hounds
  2 orc wizards
  An orc priest (D:4)
  A giant frog skeleton (D:11)
  2 worker ants (D:5)
  A sheep (D:7)
  4 mummies (Ossuary)
  A hound skeleton (D:8)
  A howler monkey skeleton (D:7)
  8 gnolls
  An adder (D:6)
  5 orcs
  2 hobgoblins (D:5)
  A kobold (D:7)
  2 hobgoblin zombies (Ossuary)
  2 kobold zombies (Ossuary)
  3 orc zombies (Ossuary)
  2 crawling corpses (Vaults:5)
133 creatures vanquished.

Vanquished Creatures (others)
  A sky beast (D:13)
  2 orcs
  A block of ice (Vaults:5)
  15 fungi
  3 plants
22 creatures vanquished.

Grand Total: 2227 creatures vanquished

Notes
Turn   | Place    | Note
-------+----------+-------------------------------------------
     0 | D:1      | MackTheKnife the Deep Elf Ice Elementalist began the quest for the Orb.
     0 | D:1      | Reached XP level 1. HP: 10/10 MP: 6/6
   459 | D:1      | Reached XP level 2. HP: 13/15 MP: 6/8
   605 | D:1      | Learned a level 2 spell: Throw Frost
  1126 | D:1      | Reached skill level 4 in Spellcasting
  1419 | D:2      | Reached XP level 3. HP: 19/19 MP: 2/10
  1519 | D:2      | Reached skill level 4 in Ice Magic
  1986 | D:2      | Noticed Ijyb
  2075 | D:2      | Killed Ijyb
  2075 | D:2      | Reached XP level 4. HP: 7/24 MP: 1/12
  2305 | D:2      | Noticed Terence
  2310 | D:2      | Killed Terence
  2310 | D:2      | Reached skill level 5 in Spellcasting
  2632 | D:2      | Learned a level 4 spell: Summon Ice Beast
  2962 | D:2      | Reached XP level 5. HP: 26/28 MP: 6/15
  3103 | D:3      | Reached skill level 1 in Summonings
  3106 | D:3      | Reached skill level 5 in Ice Magic
  3280 | D:3      | Noticed rlgrobin's ghost (amateur MiFi)
  3288 | D:3      | Killed rlgrobin's ghost
  3288 | D:3      | Reached skill level 6 in Spellcasting
  3288 | D:3      | Reached skill level 2 in Summonings
  3288 | D:3      | Reached XP level 6. HP: 22/32 MP: 7/17
  3843 | D:3      | Noticed Robin
  3866 | D:3      | Killed Robin
  4005 | D:3      | Reached skill level 3 in Summonings
  4005 | D:3      | Reached skill level 6 in Ice Magic
  4401 | D:4      | Noticed Natasha
  4404 | D:4      | Killed Natasha
  4404 | D:4      | Reached skill level 7 in Spellcasting
  4404 | D:4      | Reached XP level 7. HP: 29/36 MP: 11/19
  4480 | D:4      | Noticed Eustachio
  4803 | D:4      | Killed Eustachio
  4818 | D:4      | Reached skill level 4 in Summonings
  4981 | D:4      | Found a staircase to the Ecumenical Temple.
  4990 | Temple   | Entered the Ecumenical Temple
  5175 | Temple   | Became a worshipper of Vehumet
  5209 | D:4      | Noticed Fv001's ghost (amateur DsCK)
  5220 | D:4      | Killed Fv001's ghost
  5437 | D:4      | Reached skill level 8 in Spellcasting
  5443 | D:4      | Learned a level 4 spell: Throw Icicle
  5544 | D:4      | Reached XP level 8. HP: 42/42 MP: 9/22
  5579 | D:4      | Reached skill level 1 in Fighting
  5678 | D:5      | Entered Level 5 of the Dungeon
  5684 | D:5      | Reached skill level 2 in Conjurations
  5784 | D:5      | Found a sand-covered staircase.
  5883 | Ossuary  | Entered an ossuary
  5932 | Ossuary  | Reached * piety under Vehumet
  5932 | Ossuary  | Offered knowledge of Sandblast by Vehumet.
  5961 | Ossuary  | Noticed Schizzik's ghost (amateur DsGl)
  5995 | Ossuary  | Killed Schizzik's ghost
  5995 | Ossuary  | Reached skill level 2 in Fighting
  5995 | Ossuary  | Reached skill level 9 in Spellcasting
  5995 | Ossuary  | Reached skill level 3 in Conjurations
  5996 | Ossuary  | HP: 4/66 [mummy (17)]
  6779 | D:5      | Reached ** piety under Vehumet
  6779 | D:5      | Offered knowledge of Searing Ray by Vehumet.
  7102 | D:5      | Reached skill level 4 in Conjurations
  7283 | D:5      | Reached skill level 3 in Fighting
  7617 | D:5      | Offered knowledge of Stone Arrow by Vehumet.
  7622 | D:5      | Learned a level 3 spell: Stone Arrow
  7706 | D:5      | Got an ancient falchion
  7709 | D:5      | Identified the +6 falchion of Circularity {venom, rElec rN++ Int+2 Dex+3} (You found it on level 5 of the Dungeon)
  7716 | D:5      | Reached XP level 9. HP: 47/51 MP: 24/24
  7749 | D:5      | Reached *** piety under Vehumet
  7945 | D:6      | Reached skill level 3 in Dodging
  8102 | D:6      | Offered knowledge of Ignite Poison by Vehumet.
  8320 | D:6      | Reached skill level 4 in Fighting
  8320 | D:6      | Reached skill level 4 in Dodging
  8654 | D:6      | Found a radiant altar of Vehumet.
  8715 | D:6      | Reached skill level 5 in Dodging
  9122 | D:7      | Reached skill level 5 in Fighting
  9233 | D:7      | Found Yliedweu's Jewellery Boutique.
  9267 | D:7      | Reached skill level 6 in Dodging
  9298 | D:7      | Reached **** piety under Vehumet
  9340 | D:7      | Found a hazy altar of Hepliaklqana.
  9496 | D:7      | Reached skill level 7 in Dodging
  9649 | D:7      | Reached skill level 10 in Spellcasting
  9771 | D:7      | Offered knowledge of Mephitic Cloud by Vehumet.
  9788 | D:7      | Learned a level 3 spell: Mephitic Cloud
  9908 | D:8      | Reached skill level 5 in Conjurations
 10010 | D:8      | Reached XP level 10. HP: 56/60 MP: 19/26
 10167 | D:8      | Reached skill level 6 in Fighting
 10503 | D:9      | Reached skill level 6 in Conjurations
 10649 | D:9      | Noticed Erica
 10661 | D:9      | Killed Erica
 10661 | D:9      | Reached skill level 11 in Spellcasting
 10982 | D:9      | Reached skill level 7 in Conjurations
 11005 | D:9      | Noticed Psyche
 11016 | D:9      | Killed Psyche
 11016 | D:9      | Reached skill level 7 in Ice Magic
 11225 | D:9      | Reached ***** piety under Vehumet
 11329 | D:9      | Offered knowledge of Venom Bolt by Vehumet.
 11802 | D:10     | Entered Level 10 of the Dungeon
 11802 | D:10     | Noticed a deep elf mage
 12003 | D:10     | Killed a deep elf mage
 12003 | D:10     | Reached skill level 12 in Spellcasting
 12003 | D:10     | Reached skill level 8 in Conjurations
 12003 | D:10     | Reached XP level 11. HP: 61/66 MP: 16/29
 12279 | D:10     | Reached skill level 1 in Air Magic
 12293 | D:10     | Reached skill level 2 in Air Magic
 12335 | D:10     | Noticed a hill giant
 12346 | D:10     | Killed a hill giant
 12346 | D:10     | Reached skill level 3 in Air Magic
 12681 | D:11     | Noticed an unseen horror
 12686 | D:11     | Killed an unseen horror
 12686 | D:11     | Reached skill level 4 in Air Magic
 12697 | D:11     | Reached skill level 5 in Air Magic
 12737 | D:11     | Learned a level 6 spell: Freezing Cloud
 12949 | D:11     | Noticed a purple ugly thing
 13005 | D:11     | Found Pattu's Antique Weapon Shop.
 13037 | D:11     | Noticed an unseen horror
 13041 | D:11     | Killed an unseen horror
 13041 | D:11     | Reached skill level 6 in Air Magic
 13104 | D:11     | Offered knowledge of Iskenderun's Battlesphere by Vehumet.
 13124 | D:11     | Found a flagged portal.
 13227 | Bailey   | Entered a bailey
 13231 | Bailey   | Reached skill level 7 in Air Magic
 13518 | Bailey   | Learned a level 5 spell: Iskenderun's Battlesphere
 13668 | Bailey   | Reached skill level 8 in Ice Magic
 13718 | Bailey   | Noticed Schizzik's ghost (novice DsGl)
 13747 | Bailey   | Killed Schizzik's ghost
 14150 | Bailey   | Got a brightly glowing executioner's axe {speed}
 14153 | Bailey   | Identified the +4 executioner's axe "Deotukh" {speed, +Rage rF+ Str+8 Dex-2} (You took it off an orc in a bailey)
 14276 | D:11     | Got a transparent dagger
 14277 | D:11     | Identified the +5 dagger "Tuppel" {pierce, Int+5 Dex+2} (You found it on level 11 of the Dungeon)
 14344 | D:11     | Got a dazzling ring mail
 14381 | D:11     | Identified the +1 ring mail "Hyeniafu" {+Fly rF+ Dex+2} (You found it on level 11 of the Dungeon)
 14486 | D:11     | Noticed a hill giant
 14491 | D:11     | Killed a hill giant
 14622 | D:11     | Found a snail-covered altar of Cheibriados.
 14660 | D:11     | Reached skill level 9 in Conjurations
 14761 | D:11     | Noticed a hill giant
 14773 | D:11     | Killed a hill giant
 14773 | D:11     | Reached skill level 9 in Ice Magic
 14773 | D:11     | Reached XP level 12. HP: 71/71 MP: 28/30
 14780 | D:11     | Reached skill level 13 in Spellcasting
 14940 | D:11     | Found a staircase to the Lair.
 15225 | Lair:1   | Entered Level 1 of the Lair of Beasts
 15479 | Lair:1   | Noticed a four-headed hydra
 15485 | Lair:1   | Killed a four-headed hydra
 15715 | Lair:1   | Reached skill level 1 in Long Blades
 15878 | Lair:1   | Reached skill level 1 in Armour
 15892 | Lair:1   | Offered knowledge of Yara's Violent Unravelling by Vehumet.
 16076 | Lair:1   | Reached skill level 2 in Long Blades
 16140 | Lair:1   | Reached skill level 7 in Fighting
 16560 | Lair:2   | Learned a level 2 spell: Blink
 16568 | Lair:2   | Found a staircase to the Snake Pit.
 16572 | Lair:2   | Reached skill level 2 in Armour
 16683 | Lair:2   | Learned a level 6 spell: Bolt of Cold
 16690 | Lair:2   | Reached skill level 3 in Long Blades
 17009 | Lair:2   | Noticed a four-headed hydra
 17014 | Lair:2   | HP: 17/72 [five-headed hydra (13)]
 17015 | Lair:2   | Killed a five-headed hydra
 17015 | Lair:2   | Reached skill level 3 in Armour
 17469 | Lair:2   | Reached skill level 4 in Long Blades
 17563 | Lair:2   | Noticed a six-headed hydra
 17569 | Lair:2   | Killed a six-headed hydra
 17951 | Lair:3   | Reached skill level 8 in Fighting
 18110 | Lair:3   | Noticed Nergalle
 18113 | Lair:3   | Killed Nergalle
 18209 | Lair:3   | Noticed an eight-headed hydra
 18216 | Lair:3   | Killed an eight-headed hydra
 18230 | Lair:3   | Reached XP level 13. HP: 67/78 MP: 26/32
 18385 | Lair:3   | Found a staircase to the Shoals.
 18400 | Lair:3   | Reached skill level 8 in Dodging
 18757 | Lair:3   | Reached skill level 5 in Long Blades
 18763 | Lair:3   | Reached ****** piety under Vehumet
 18932 | Lair:3   | Offered knowledge of Bolt of Fire by Vehumet.
 19317 | Lair:4   | Reached skill level 9 in Dodging
 19542 | Lair:4   | Reached skill level 9 in Fighting
 19593 | Lair:4   | Identified a scroll of acquirement
 19594 | Lair:4   | Got a twisted cloak
 19605 | Lair:4   | Identified the +0 cloak of Maxkevie {rElec rF+ Str-5 SInv} (You acquired it on level 4 of the Lair of Beasts)
 19605 | Lair:4   | Lost strength.
 19873 | Lair:5   | Got a steaming ring mail
 19966 | Lair:5   | Reached skill level 10 in Dodging
 19976 | Lair:5   | Upgraded the game from 0.19-a0-1218-gcd7aee6 to 0.19-a0-1225-gf887c1c
 20273 | Lair:5   | Noticed Urug
 20278 | Lair:5   | Killed Urug
 20422 | Lair:5   | Reached skill level 11 in Dodging
 20544 | Lair:5   | Reached skill level 10 in Fighting
 20798 | Lair:5   | Offered knowledge of Delayed Fireball by Vehumet.
 21243 | Lair:6   | Entered Level 6 of the Lair of Beasts
 21257 | Lair:5   | Reached XP level 14. HP: 54/88 MP: 5/33
 21513 | Lair:6   | Reached skill level 10 in Conjurations
 21521 | Lair:6   | Reached skill level 10 in Ice Magic
 21857 | Lair:6   | Found a dark tunnel.
 21871 | Volcano  | Entered a volcano
 21985 | Volcano  | Reached skill level 14 in Spellcasting
 22564 | Lair:6   | Offered knowledge of Poison Arrow by Vehumet.
 22733 | Lair:6   | Reached skill level 11 in Conjurations
 22810 | Lair:6   | Got a dazzling leather armour
 22842 | Lair:6   | Reached skill level 11 in Ice Magic
 23388 | Lair:6   | Found a viscous altar of Jiyva.
 23403 | Lair:6   | Found a staircase to the Slime Pits.
 23445 | Lair:6   | Identified the +1 leather armour "Fenuozos" {rPois Str-5 SInv} (You found it on level 6 of the Lair of Beasts)
 23445 | Lair:6   | Lost strength.
 23459 | Lair:6   | Identified the cursed +0 ring mail "Mabiyts" {Dex+2} (You found it on level 5 of the Lair of Beasts)
 23549 | Lair:6   | Reached skill level 15 in Spellcasting
 24124 | Lair:6   | Offered knowledge of Conjure Ball Lightning by Vehumet.
 24509 | D:12     | Noticed Fannar
 24775 | D:12     | Noticed Joseph
 24778 | D:12     | Killed Joseph
 24900 | D:12     | Found a staircase to the Orcish Mines.
 25172 | D:12     | Noticed Deemzul's ghost (journeyman OpBe)
 25450 | D:12     | Reached skill level 12 in Conjurations
 25450 | D:12     | Reached XP level 15. HP: 71/92 MP: 30/36
 25502 | D:12     | Reached skill level 12 in Ice Magic
 25585 | D:12     | HP: 18/92 [centaur warrior/arrow (16)]
 26465 | D:12     | Reached skill level 16 in Spellcasting
 26519 | D:12     | Killed Fannar
 26519 | D:12     | Offered knowledge of Lehudib's Crystal Spear by Vehumet.
 26519 | D:12     | Offered knowledge of Glaciate by Vehumet.
 26519 | D:12     | Offered knowledge of Chain Lightning by Vehumet.
 26937 | D:12     | Killed Deemzul's ghost
 27070 | D:12     | Gained mutation: Scrolls take you a little longer to read. [potion of mutation]
 27070 | D:12     | Gained mutation: You are clumsy. (Dex -2) [potion of mutation]
 27070 | D:12     | Gained mutation: You have a somewhat thin skeletal structure. (Dex +2, Stealth) [potion of mutation]
 27071 | D:12     | Lost mutation: You are clumsy. (Dex -2) [potion of cure mutation]
 27071 | D:12     | Lost mutation: Scrolls take you a little longer to read. [potion of cure mutation]
 27071 | D:12     | Lost mutation: You have a somewhat thin skeletal structure. (Dex +2, Stealth) [potion of cure mutation]
 27341 | D:12     | Got a heavily runed leather armour
 27365 | D:12     | Identified the +3 leather armour of the Insatiable Seas {Dex+2} (You found it on level 12 of the Dungeon)
 27922 | Orc:1    | Entered Level 1 of the Orcish Mines
 27925 | Orc:1    | Found Litaom's Weapon Shoppe.
 28087 | Orc:2    | Entered Level 2 of the Orcish Mines
 28174 | Orc:2    | Found a staircase to the Elven Halls.
 28309 | Orc:1    | Noticed SkyBlueFox's ghost (journeyman VSSu)
 28313 | Orc:1    | Killed SkyBlueFox's ghost
 29181 | Orc:2    | Reached skill level 13 in Conjurations
 29183 | Orc:2    | Reached skill level 13 in Ice Magic
 29519 | Orc:2    | Found Ithis's Armour Emporium.
 29519 | Orc:2    | Found Adujad's General Store.
 29521 | Orc:2    | Found Goyng's Antique Armour Emporium.
 29521 | Orc:2    | Found Zaut's Magic Scroll Shop.
 29527 | Orc:2    | Bought the +0 Maxwell's etheric cage {RegenMP+ *Contam rElec MP+4} for 154 gold pieces
 29546 | Orc:2    | Bought a scroll of teleportation for 48 gold pieces
 29546 | Orc:2    | Bought a scroll of magic mapping for 56 gold pieces
 29546 | Orc:2    | Bought a scroll of teleportation for 48 gold pieces
 29548 | Orc:2    | Bought a scroll of identify for 36 gold pieces
 29548 | Orc:2    | Bought a potion of haste for 180 gold pieces
 29548 | Orc:2    | Bought a potion of brilliance for 72 gold pieces
 29548 | Orc:2    | Bought a potion of curing for 54 gold pieces
 29550 | Orc:2    | Identified a +4 rod of shadows (12/12) (You took it off a tengu warrior on level 12 of the Dungeon)
 30270 | D:13     | Noticed Kirke
 30278 | D:13     | Killed Kirke
 30678 | D:14     | Reached skill level 17 in Spellcasting
 30839 | D:14     | Found a shadowy altar of Dithmenos.
 31074 | D:14     | Learned a level 9 spell: Glaciate
 31094 | D:14     | Learned a level 6 spell: Simulacrum
 31163 | D:14     | Found a gate to the Vaults.
 31307 | D:15     | Entered Level 15 of the Dungeon
 31307 | D:15     | Noticed Louise
 31313 | D:15     | Reached skill level 1 in Necromancy
 31315 | D:15     | Killed Louise
 31315 | D:15     | Reached skill level 2 in Necromancy
 31514 | D:15     | Reached skill level 3 in Necromancy
 31532 | D:15     | Noticed Josephine
 31536 | D:15     | Killed Josephine
 31548 | D:15     | Reached skill level 4 in Necromancy
 31666 | D:15     | Reached XP level 16. HP: 97/97 MP: 28/39
 31695 | D:15     | Found a gateway to a bazaar.
 31699 | D:15     | Reached skill level 5 in Necromancy
 31739 | Bazaar   | Entered a bazaar
 31895 | Bazaar   | Found Ceufieba's Jewellery Emporium.
 31925 | Bazaar   | Found Maopues's Gadget Boutique.
 31979 | Bazaar   | Found Ubem's Jewellery Emporium.
 31987 | Bazaar   | Bought an uncursed ring of protection from magic for 325 gold pieces
 32025 | Bazaar   | Found Doexugor's Gadget Emporium.
 32033 | Bazaar   | Bought a +5 rod of clouds (11/11) for 931 gold pieces
 32298 | D:15     | Reached skill level 6 in Necromancy
 32304 | D:15     | Reached skill level 7 in Necromancy
 32752 | D:15     | Reached skill level 8 in Necromancy
 32822 | D:15     | Noticed Roxanne
 32889 | D:15     | Killed Roxanne
 33049 | D:15     | Reached skill level 3 in Stealth
 33145 | D:15     | HP: 11/98 [centaur warrior/arrow (26)]
 33595 | D:15     | Found a staircase to the Depths.
 33852 | D:15     | Reached skill level 4 in Stealth
 33961 | D:11     | Reached skill level 12 in Dodging
 34059 | Snake:1  | Entered Level 1 of the Snake Pit
 34337 | Elf:1    | Entered Level 1 of the Elven Halls
 34368 | Elf:1    | Reached skill level 5 in Stealth
 35038 | Elf:1    | Reached skill level 6 in Stealth
 35592 | Elf:1    | Found Datal's Armour Emporium.
 35858 | Elf:1    | Identified the Papyrus of Confrontation
 35923 | Elf:1    | Found a portal to a secret trove of treasure.
 36751 | Elf:2    | Reached skill level 14 in Conjurations
 36892 | Elf:2    | Reached skill level 14 in Ice Magic
 36966 | Elf:2    | Reached XP level 17. HP: 80/104 MP: 37/40
 36970 | Elf:2    | Found Ysoptyre's Gadget Shop.
 37131 | Elf:2    | Found a runed gate.
 37142 | Elf:2    | Found a runed gate.
 37142 | Elf:2    | Found a runed gate.
 37391 | Elf:3    | Entered Level 3 of the Elven Halls
 37591 | Elf:3    | Reached skill level 1 in Evocations
 37594 | Elf:3    | Reached skill level 2 in Evocations
 37743 | Elf:3    | Reached skill level 3 in Evocations
 38016 | Elf:3    | Reached skill level 4 in Evocations
 38136 | Elf:3    | Reached skill level 5 in Evocations
 38229 | Elf:3    | Found Lideatamp's Weapon Emporium.
 38480 | Elf:3    | Reached skill level 6 in Evocations
 38717 | Elf:3    | Reached skill level 18 in Spellcasting
 38811 | Elf:3    | Noticed a deep elf blademaster
 38829 | Elf:3    | Killed a deep elf blademaster
 38886 | Elf:3    | HP: 16/104 [deep elf high priest/damnation (31)]
 39529 | Elf:3    | Got a shimmering trident {freeze}
 39534 | Elf:3    | Identified the +8 trident "Kiohytos" {freeze, Str+4} (You took it off a deep elf mage on level 3 of the Elven Halls)
 39578 | Elf:3    | Noticed a Hell Sentinel
 39587 | Elf:3    | Reached skill level 15 in Conjurations
 39593 | Elf:3    | Reached skill level 15 in Ice Magic
 39622 | Elf:3    | Noticed a deep elf master archer
 39631 | Elf:3    | Killed a deep elf master archer
 39942 | Elf:3    | Noticed a deep elf master archer
 40012 | Elf:3    | Killed a deep elf master archer
 40012 | Elf:3    | Reached skill level 19 in Spellcasting
 40012 | Elf:3    | Reached XP level 18. HP: 66/108 MP: 35/43
 40148 | Elf:3    | Identified a +4 rod of shadows (14/14) (You took it off a deep elf sorcerer on level 3 of the Elven Halls)
 40177 | Elf:3    | Identified a +5 rod of shadows (10/10) (You found it on level 3 of the Elven Halls)
 40226 | Elf:3    | Got an ancient scale mail
 40264 | Elf:3    | Reached skill level 1 in Shields
 40313 | Elf:3    | Learned a level 1 spell: Apportation
 40346 | Elf:3    | Reached skill level 2 in Shields
 40363 | Elf:3    | Reached skill level 3 in Shields
 40435 | Elf:3    | Got a pair of warped gloves
 40436 | Elf:3    | Identified the +2 pair of gloves of Ben Ogg {+Blink rPois rF+ Dex+4} (You found it on level 3 of the Elven Halls)
 40859 | Snake:1  | Noticed Aizul
 40864 | Snake:1  | Killed Aizul
 40864 | Snake:1  | Reached skill level 11 in Fighting
 41153 | Snake:1  | Reached skill level 4 in Shields
 41659 | Snake:1  | You fall through a shaft!
 41670 | Snake:2  | Found a hide-covered altar of Uskayaw.
 41672 | Snake:2  | Gained mutation: Your spells are a little harder to cast, but a little more powerful. [potion of beneficial mutation]
 41786 | Snake:2  | Reached skill level 12 in Fighting
 42234 | Snake:2  | Found Jioczops's Magic Scroll Shop.
 42247 | Snake:2  | Bought a scroll of recharging for 142 gold pieces
 42275 | Snake:2  | Found a shattered altar of Ashenzari.
 42480 | Snake:2  | Learned a level 6 spell: Haste
 42543 | Snake:3  | Reached skill level 1 in Charms
 42547 | Snake:3  | Reached skill level 2 in Charms
 42661 | Snake:3  | Reached skill level 3 in Charms
 42719 | Snake:3  | Reached skill level 13 in Fighting
 42838 | Snake:3  | Found Saim's Magic Scroll Shoppe.
 42846 | Snake:3  | Bought a scroll of amnesia for 56 gold pieces
 42846 | Snake:3  | Bought a scroll of blinking for 120 gold pieces
 42846 | Snake:3  | Bought a scroll of fear for 56 gold pieces
 42846 | Snake:3  | Bought 2 scrolls of magic mapping for 112 gold pieces
 42895 | Snake:3  | Reached skill level 4 in Charms
 43370 | Snake:3  | Reached skill level 5 in Charms
 43519 | Snake:4  | Entered Level 4 of the Snake Pit
 43529 | Snake:4  | Reached skill level 6 in Charms
 43614 | Snake:4  | MackTheKnife: Heya!
 43614 | Snake:4  | MackTheKnife: Doing some ez modo DE
 43619 | Snake:4  | Sphara: hi mack
 43629 | Snake:4  | Sphara: DE never easy mode
 43629 | Snake:4  | MackTheKnife: check out this idiot's gear
 43629 | Snake:4  | Sphara: damn man
 43629 | Snake:4  | MackTheKnife: well. have-to-be-careful-mode
 43682 | Snake:4  | Sphara: hows etheric cage?
 43683 | Snake:4  | Sphara: i used it once and got yellow contam twice
 43683 | Snake:4  | MackTheKnife: the drawback hasnt kicked in yet, not sure how it'll interact with haste
 43683 | Snake:4  | MackTheKnife: if I go yellow from haste I might consider ditching it
 43685 | Snake:4  | Sphara: i think it has changed after that. not sure
 43689 | Snake:4  | Reached skill level 7 in Charms
 43883 | Snake:4  | MackTheKnife: also quaffed a !benemut
 43883 | Snake:4  | MackTheKnife: god damnit, game.
 43883 | Snake:4  | Sphara: that's a good one
 43883 | Snake:4  | MackTheKnife: fine for now, but I'm aiming for Glaciate and shit
 43884 | Snake:4  | Reached skill level 14 in Fighting
 43923 | Snake:4  | Sphara: glaciate is doable with Vehumet wizardry
 43938 | Snake:4  | Sphara: most certainly
 44013 | Snake:4  | Reached skill level 8 in Charms
 44102 | Snake:4  | Found Peotsasch's Gadget Shoppe.
 44103 | Snake:4  | Found Doanu's Antique Armour Emporium.
 44103 | Snake:4  | Found Wuowago's Antique Armour Shoppe.
 44104 | Snake:4  | Sphara: those lvl9 spells are just pain to get online with Sif if you have no Wiz source
 44104 | Snake:4  | MackTheKnife: hah yeah
 44158 | Snake:4  | Found Xecounny's Armour Emporium.
 44169 | Snake:4  | Bought a twisted robe for 233 gold pieces
 44169 | Snake:4  | Identified the cursed +1 robe "Nifefa Habra" {+Inv rElec} (You bought it in a shop on level 4 of the Snake Pit)
 44207 | Snake:4  | Sphara: wait, what is your current buckler?
 44209 | Snake:4  | MackTheKnife: +AC
 44209 | Snake:4  | MackTheKnife: youre right
 44209 | Snake:4  | MackTheKnife: should see if it's rc/rf
 44209 | Snake:4  | Sphara: hmm
 44214 | Snake:4  | Sphara: well maybe..
 44216 | Snake:4  | Sphara: not that you need cash here
 44229 | Snake:4  | Bought a glowing buckler for 184 gold pieces
 44240 | Snake:4  | MackTheKnife: much better
 44268 | Snake:4  | Sphara: well not much but at least rC is now covered
 44289 | Snake:4  | MackTheKnife: this is insane
 44289 | Snake:4  | MackTheKnife: freezing cloud so op
 44290 | Snake:4  | Sphara: snake with simulacrum spell.. now THAT is eezy mode :D
 44291 | Snake:4  | MackTheKnife: :D
 44292 | Snake:4  | Reached skill level 9 in Charms
 44546 | Snake:4  | Reached XP level 19. HP: 104/122 MP: 5/44
 44594 | Snake:4  | MackTheKnife: poor snake
 44594 | Snake:4  | MackTheKnife: trapped
 44606 | Snake:4  | Reached skill level 10 in Charms
 44858 | Snake:4  | Reached skill level 15 in Fighting
 45249 | Snake:4  | Got a serpentine rune of Zot
 45381 | Lair:2   | MackTheKnife: I think one of my biggest weaknesses as a dcss player
 45381 | Lair:2   | MackTheKnife: is that I get too comfy with choices
 45381 | Lair:2   | MackTheKnife: like this bro
 45381 | Lair:2   | MackTheKnife: freezing cloud/bolt everything
 45381 | Lair:2   | MackTheKnife: then I get into an actually dangerous situation and die because I dont consider more options
 45381 | Lair:2   | Sphara: well i would've done almost exactly the same
 45381 | Lair:2   | Sphara: maybe would have used simulacra more
 45381 | Lair:2   | MackTheKnife: wish I was with aunt kiku
 45422 | Shoals:1 | Entered Level 1 of the Shoals
 45531 | Snake:3  | Learned a level 6 spell: Deflect Missiles
 45531 | Snake:3  | Sphara: simulacrum shines especially in the Depths and V:5
 45531 | Snake:3  | MackTheKnife: they used to be based on weight of the monster, right? so if you simulacra'd a cyclops you'd get like 6-7
 45636 | Shoals:1 | Sphara: yeah. you can get like 7 gold dragons
 45645 | Shoals:1 | Sphara: even one gold dragon simu is a serious killer
 45648 | Shoals:1 | MackTheKnife: yeah, once saw the math behind the standard "attack" for them
 45648 | Shoals:1 | MackTheKnife: so. much. frost damage!
 45662 | Shoals:1 | MackTheKnife: aka, fu orbs of fire
 45681 | Shoals:1 | Sphara: all trolls make ridiculously good simu
 45685 | Shoals:1 | Sphara: and harpies!
 45689 | Shoals:1 | Sphara: they lose their random movement
 45689 | Shoals:1 | MackTheKnife: oh yeah, that attack speed
 45843 | Shoals:1 | MackTheKnife: going to take a break (another way to mitigate stupid deaths)
 45843 | Shoals:1 | MackTheKnife: catch you later, amigo
 45843 | Shoals:1 | Sphara: laters :)
 45932 | Shoals:1 | Reached skill level 8 in Air Magic
 46127 | Shoals:2 | Noticed Polyphemus
 46134 | Shoals:2 | Killed Polyphemus
 46134 | Shoals:2 | Reached skill level 9 in Air Magic
 46595 | Shoals:2 | Reached skill level 10 in Air Magic
 46809 | Shoals:2 | Reached skill level 11 in Charms
 47044 | Shoals:3 | Found a shadowy altar of Dithmenos.
 47374 | Shoals:3 | Reached skill level 12 in Charms
 47531 | Shoals:4 | Entered Level 4 of the Shoals
 47552 | Shoals:4 | Got an ancient plate armour
 47593 | Shoals:4 | Reached skill level 20 in Spellcasting
 47593 | Shoals:4 | Reached XP level 20. HP: 123/130 MP: 30/46
 47803 | Shoals:4 | Reached skill level 5 in Shields
 47826 | Shoals:4 | Got a barnacled rune of Zot
 48082 | Shoals:4 | Noticed Ilsuiw
 48095 | Shoals:4 | Killed Ilsuiw
 48264 | Shoals:4 | Reached skill level 6 in Shields
 48767 | Vaults:1 | Entered Level 1 of the Vaults
 49062 | Vaults:1 | Reached skill level 21 in Spellcasting
 49127 | Vaults:1 | Reached skill level 7 in Shields
 49360 | Vaults:1 | Learned a level 3 spell: Regeneration
 49366 | Vaults:1 | Learned a level 5 spell: Dispel Undead
 49883 | Vaults:1 | Reached skill level 8 in Shields
 50470 | Vaults:1 | Reached skill level 9 in Shields
 50540 | Vaults:1 | Found Cupnats's Gadget Emporium.
 50896 | Vaults:2 | Got a brightly glowing robe
 51062 | Vaults:2 | Identified the +1 robe of Qazlal's Approval {rC+} (You found it on level 2 of the Vaults)
 51269 | Vaults:2 | Noticed Mara
 51278 | Vaults:2 | Noticed Sojobo
 51282 | Vaults:2 | Noticed MackTheKnife's illusion
 51286 | Vaults:2 | Noticed MackTheKnife's illusion
 51288 | Vaults:2 | Killed Mara
 51288 | Vaults:2 | Reached skill level 10 in Shields
 51318 | Vaults:2 | Killed Sojobo
 51318 | Vaults:2 | Reached XP level 21. HP: 115/135 MP: 10/48
 51746 | Vaults:2 | Noticed Xtahua
 51754 | Vaults:2 | Killed Xtahua
 51754 | Vaults:2 | Reached skill level 11 in Shields
 51805 | Vaults:2 | Found Qaum's Distillery.
 52629 | Vaults:3 | Reached skill level 12 in Shields
 53009 | Vaults:3 | Got a slimy broad axe {venom}
 53264 | Vaults:3 | Noticed Donald
 53267 | Vaults:3 | Killed Donald
 53345 | Vaults:3 | Reached skill level 13 in Shields
 53400 | Vaults:3 | Found a staircase to the Crypt.
 53928 | Vaults:4 | Got a scorched scale mail
 54512 | Vaults:4 | Found an iron altar of Okawaru.
 54650 | Vaults:4 | Reached skill level 14 in Shields
 55782 | Vaults:5 | Entered Level 5 of the Vaults
 55785 | Vaults:5 | Reached XP level 22. HP: 136/140 MP: 45/49
 55788 | Vaults:5 | Noticed a golden dragon
 55790 | Vaults:5 | Reached skill level 15 in Shields
 55796 | Vaults:5 | Noticed Jory
 56088 | Crypt:1  | Entered Level 1 of the Crypt
 56673 | Crypt:1  | Noticed a greater mummy
 56674 | Crypt:1  | Noticed Khufu
 56674 | Crypt:1  | Noticed a greater mummy
 56680 | Crypt:1  | Killed a greater mummy
 56962 | Crypt:1  | Killed Khufu
 56969 | Crypt:1  | Killed a greater mummy
 56969 | Crypt:1  | Reached skill level 16 in Conjurations
 56969 | Crypt:1  | Reached skill level 16 in Ice Magic
 58072 | Crypt:1  | Reached skill level 22 in Spellcasting
 58484 | Crypt:2  | Reached XP level 23. HP: 140/140 MP: 38/51
 58710 | Crypt:2  | Found a basalt altar of Yredelemnul.
 59017 | Crypt:3  | Entered Level 3 of the Crypt
 59107 | Crypt:3  | Reached skill level 17 in Ice Magic
 59249 | Crypt:3  | Reached skill level 17 in Conjurations
 59506 | Crypt:3  | Noticed Boris
 59517 | Crypt:3  | Killed Boris
 59570 | Crypt:3  | Gained mutation: You are occasionally teleported next to monsters. [mutagenic glow]
 59585 | Crypt:3  | Lost mutation: Your spells are a little harder to cast, but a little more powerful. [potion of cure mutation]
 59585 | Crypt:3  | Lost mutation: You are occasionally teleported next to monsters. [potion of cure mutation]
 59652 | Crypt:3  | Noticed Frederick
 59658 | Crypt:3  | Killed Frederick
 60149 | Crypt:3  | Found an ancient bone altar of Kikubaaqudgha.
 60149 | Crypt:3  | Noticed an ancient lich
 60151 | Crypt:3  | Killed an ancient lich
 60267 | Crypt:3  | Got a fine glass ring
 60268 | Crypt:3  | Identified the ring "Fungihar" {*Tele rF+ rC++ rN+ MR+} (You found it on level 3 of the Crypt)
 60271 | Crypt:3  | Identified Waajoh's Compendium of Fiery Calling
 60333 | Crypt:3  | Reached skill level 23 in Spellcasting
 61092 | Crypt:3  | Found a staircase to the Tomb.
 61453 | Vaults:5 | Reached skill level 18 in Ice Magic
 61493 | Vaults:5 | Killed Jory
 61493 | Vaults:5 | Reached skill level 18 in Conjurations
 61632 | Vaults:5 | Got a silver rune of Zot
 61940 | Vaults:5 | Reached XP level 24. HP: 142/146 MP: 21/52
 61991 | Vaults:5 | Found Liclu's Antique Weapon Shop.
 62195 | Vaults:5 | Noticed an ancient lich
 62200 | Vaults:5 | HP: 36/146 [ancient lich/iron shot (65)]
 62201 | Vaults:5 | HP: 16/151 [war gargoyle/spray of metal splinters (42)]
 62205 | Vaults:5 | Killed from afar by a titan

Vault maps used:
D:1:      dpeg_arrival_water_fire, minmay_liquid_box, hex_tiny,
          minmay_nonomino_d4
D:2:      kennysheep_goblin_castle, kennysheep_potato, uniq_terence
D:3:      minmay_quantized, uniq_robin
D:4:      uniq_eustachio, uniq_natasha
D:5:      corexii_shantytown, nicolae_ossuary_entry_catacombs, first_bread,
          grunt_ministairs_2, kennysheep_minor_cross,
          kennysheep_decorative_pillar
D:6:      nicolae_overflow_hidden_temple, basic_altar
D:7:      corexii_shack_village, lemuel_doored_altar, serial_shops, shop,
          grunt_livestock, grunt_decor_arrowhead
D:9:      lemuel_flame_loot_1, uniq_erica, uniq_psyche
D:11:     erik_lair_dragon, serial_shops, kennysheep_mini, enter_bailey_3,
          cheibriados_altar_1
D:12:     minmay_heptahexagon, orc_david_3, minmay_sticks_and_stones,
          uniq_fannar
D:13:     uniq_kirke
D:14:     david_vaults_1, nicolae_dithmenos_the_darkroom
D:15:     grunt_enter_depths_snipers, serial_shops, bzr_entry_islet,
          hangedman_glass_teeth, uniq_roxanne, uniq_louise, uniq_josephine
Temple:   hc_temple_tempest_star
Lair:1:   serial_bayou_pond_a, beast_lair_carwin_1
Lair:2:   guppyfry_snake_entry_island, serial_bayou_shore_b, lemuel_fruit_fields
Lair:3:   lemuel_reptile_caves, shoals_dummy_entry, uniq_nergalle
Lair:5:   infiniplex_staircase_pool_2, lemuel_fruit_fields, uniq_urug
Lair:6:   minmay_lair_end_enchanted_forest, slime_altar_1,
          nicolae_volcano_entry_batcave, grunt_megastairs_4
Shoals:2: uniq_polyphemus
Shoals:3: wheals_shoals_ruined_temple
Shoals:4: shoals_end_simple, shoals_ilsuiw_alternative, hangedman_shoal_volcano
Snake:1:  grunt_ministairs_6, uniq_aizul
Snake:2:  serial_shops, shop, spider_trap, hangedman_feature_mirror
Snake:3:  serial_shops, shop_fountains, uniq_vashnia
Snake:4:  johnstein_snake_rune_scales, st_stairs_5, minmay_shoptagon
Orc:1:    serial_shops, shop, nicolae_orc_flooded_monolith,
          nicolae_orc_stony_grotto
Orc:2:    grunt_orc_tribal_feast
Elf:1:    eino_elf_arrival_customs, serial_shops, shop,
          nicolae_trove_entry_path_of_doom, minmay_elf_annihilation,
          kilobyte_rumbling_trees
Elf:2:    serial_shops, nicolae_shop_crystal
Elf:3:    minmay_elf_hall_spiked, serial_shops, nicolae_shop_crystal
Vaults:1: ontoclasm_vaults_spin, nicolae_vaults_branching_niches,
          hangedman_vaults_pinch, nicolae_vaults_big_ls,
          nicolae_vaults_little_squares_3, grunt_vaults_diagonal,
          vaults_dpeg_hooks, hangedman_vaults_restitches,
          hangedman_vaults_locks, hangedman_vaults_slice, vaults_dpeg_spiral,
          grunt_vaults_hallway_short, nicolae_vaults_shelves_hall, serial_shops,
          nicolae_shop_behind_doors
Vaults:2: nicolae_vaults_ring_of_whatevers, nicolae_vaults_mini_display_case,
          v_misc_19, ontoclasm_vaults_loading_screen, v_misc_10,
          ontoclasm_vaults_misaligned, serial_shops, shop, uniq_xtahua,
          uniq_mara, uniq_sojobo
Vaults:3: v_misc_2, nicolae_vaults_display_case, hangedman_vaults_snaps,
          v_misc_25, hangedman_vaults_trim, ontoclasm_vaults_shuriken,
          nicolae_vaults_little_squares_6, v_rooms_4,
          ontoclasm_vaults_claustrophobia, v_misc_31,
          minmay_crypt_entry_simple_plaza, nicolae_vaults_network_barrier,
          vaults_room_door_ring, nicolae_vaults_little_squares_6,
          vaults_room_hallway, uniq_donald
Vaults:4: nicolae_vaults_network_star, nicolae_vaults_theta,
          vaults_mumra_chevron_long, grunt_vaults_bifocal,
          nicolae_vaults_twisting_passages, ontoclasm_vaults_gallery,
          vaults_standard_mumra_lines, ontoclasm_vaults_tryst,
          vaults_room_pools, basic_altar
Vaults:5: serial_shops, uniq_jory
Crypt:1:  uniq_khufu
Crypt:2:  lemuel_statue_altar
Crypt:3:  cryptofortress_bobbens, uniq_frederick, uniq_boris
Bazaar:   bazaar_minmay_generic_d
Ossuary:  ossuary_tomb_3
Bailey:   bailey_polearm_flooded_kennysheep, bailey
Volcano:  volcano_pools

Skill      XL: |  1  2  3  4  5  6  7  8  9 10 11 12 13 14 15 16 17 18 19 20 21 22 23 |
---------------+----------------------------------------------------------------------+-----
Spellcasting   | 4 5 6 7 8 9 10 12 13 15 17 19 20 21 22 23 | 23.9
Ice Magic      | 4 5 6 7 9 11 13 14 15 16 18 | 18.4
Summonings     | 2 3 4 |  4.3
Fighting       | 3 5 6 8 10 14 15 | 15.4
Conjurations   | 4 5 8 9 12 13 14 15 16 18 | 18.8
Dodging        | 7 11 12 | 12.5
Air Magic      | 7 10 | 10.0
Long Blades    | 4 5 |  5.1
Armour         | 3 |  3.2
Necromancy     | 4 8 |  8.8
Stealth        | 6 |  6.4
Evocations     | 6 |  6.1
Shields        | 4 10 14 15 | 15.5
Charms         | 9 12 | 12.3

Action                   |  1- 3 |  4- 6 |  7- 9 | 10-12 | 13-15 | 16-18 | 19-21 | 22-24 || total
-------------------------+-------+-------+-------+-------+-------+-------+-------+-------++-------
Melee: Unarmed           |    11 |       |       |       |       |       |       |       ||    11
       Short sword       |    48 |     6 |       |       |       |       |       |       ||    54
       Trident           |       |    20 |       |       |       |       |       |       ||    20
       Falchion          |       |    52 |   426 |   463 |   727 |   398 |   548 |   256 ||  2870
 Cast: Freeze            |    42 |    31 |    35 |    10 |     1 |       |       |       ||   119
       Throw Frost       |    18 |    53 |    99 |    95 |    29 |    15 |    12 |       ||   321
       Summon Ice Beast  |       |       |    23 |    28 |    10 |    40 |    10 |    20 ||   131
       Throw Icicle      |       |       |    11 |    37 |       |       |       |       ||    48
       Stone Arrow       |       |       |    18 |    64 |    46 |   103 |    72 |    84 ||   387
       Mephitic Cloud    |       |       |     1 |    28 |     1 |     1 |       |       ||    31
       Iskenderun's Batt |       |       |       |     8 |       |       |       |       ||     8
       Freezing Cloud    |       |       |       |    35 |   189 |   223 |   198 |    13 ||   658
       Bolt of Cold      |       |       |       |    16 |   147 |   238 |   445 |   133 ||   979
       Simulacrum        |       |       |       |       |       |    19 |    27 |     2 ||    48
       Blink             |       |       |       |       |       |     1 |       |       ||     1
       Deflect Missiles  |       |       |       |       |       |       |     5 |     1 ||     6
       Haste             |       |       |       |       |       |       |     3 |     5 ||     8
       Regeneration      |       |       |       |       |       |       |     8 |     6 ||    14
       Dispel Undead     |       |       |       |       |       |       |     5 |   428 ||   433
       Glaciate          |       |       |       |       |       |       |       |     6 ||     6
Evoke: Wand              |       |       |    10 |     3 |     7 |       |       |       ||    20
       Rod               |       |       |       |       |     1 |     6 |     4 |     4 ||    15
       Box of beasts     |       |       |       |       |       |       |     3 |       ||     3
       Phial of floods   |       |       |       |       |       |       |     1 |     4 ||     5
       Lamp of fire      |       |       |       |       |       |       |       |     3 ||     3
  Use: Scroll            |       |     7 |    21 |    10 |    16 |    11 |    11 |    10 ||    86
       Potion            |       |       |     2 |       |     4 |     3 |     2 |     3 ||    14
 Stab: Sleeping          |     4 |     1 |    14 |     4 |     4 |     3 |     7 |     1 ||    38
       Distracted        |     1 |       |     1 |     1 |     2 |     1 |     4 |     2 ||    12
       Confused          |       |       |       |     2 |       |       |       |       ||     2
  Eat: Chunk             |     4 |     7 |    19 |    25 |    56 |     8 |    21 |     3 ||   143
       Pizza             |       |       |     1 |     4 |     7 |     2 |       |       ||    14
       Bread ration      |       |       |       |     1 |     2 |     5 |     1 |     3 ||    12
       Meat ration       |       |       |       |     1 |     4 |     4 |     1 |       ||    10
       Beef jerky        |       |       |       |       |     1 |     3 |     7 |     3 ||    14
       Royal jelly       |       |       |       |       |       |     4 |       |     1 ||     5
       Fruit             |       |       |       |       |       |       |     1 |     1 ||     2
Armor: Robe              |    15 |    16 |   115 |    92 |    81 |       |       |       ||   319
       Steam dragon armo |       |       |       |       |    75 |   143 |   208 |   132 ||   558
Dodge: Dodged            |    58 |    63 |   260 |   345 |   687 |   408 |   599 |   363 ||  2783
       Deflected         |       |       |       |       |       |       |    34 |    20 ||    54
Block: Buckler           |       |       |       |       |       |    46 |   331 |       ||   377
       Shield            |       |       |       |       |       |       |       |   350 ||   350

Vault maps used:
D:1:      dpeg_arrival_water_fire, minmay_liquid_box, hex_tiny,
          minmay_nonomino_d4
D:2:      kennysheep_goblin_castle, kennysheep_potato, uniq_terence
D:3:      minmay_quantized, uniq_robin
D:4:      uniq_eustachio, uniq_natasha
D:5:      corexii_shantytown, nicolae_ossuary_entry_catacombs, first_bread,
          grunt_ministairs_2, kennysheep_minor_cross,
          kennysheep_decorative_pillar
D:6:      nicolae_overflow_hidden_temple, basic_altar
D:7:      corexii_shack_village, lemuel_doored_altar, serial_shops, shop,
          grunt_livestock, grunt_decor_arrowhead
D:9:      lemuel_flame_loot_1, uniq_erica, uniq_psyche
D:11:     erik_lair_dragon, serial_shops, kennysheep_mini, enter_bailey_3,
          cheibriados_altar_1
D:12:     minmay_heptahexagon, orc_david_3, minmay_sticks_and_stones,
          uniq_fannar
D:13:     uniq_kirke
D:14:     david_vaults_1, nicolae_dithmenos_the_darkroom
D:15:     grunt_enter_depths_snipers, serial_shops, bzr_entry_islet,
          hangedman_glass_teeth, uniq_roxanne, uniq_louise, uniq_josephine
Temple:   hc_temple_tempest_star
Lair:1:   serial_bayou_pond_a, beast_lair_carwin_1
Lair:2:   guppyfry_snake_entry_island, serial_bayou_shore_b, lemuel_fruit_fields
Lair:3:   lemuel_reptile_caves, shoals_dummy_entry, uniq_nergalle
Lair:5:   infiniplex_staircase_pool_2, lemuel_fruit_fields, uniq_urug
Lair:6:   minmay_lair_end_enchanted_forest, slime_altar_1,
          nicolae_volcano_entry_batcave, grunt_megastairs_4
Shoals:2: uniq_polyphemus
Shoals:3: wheals_shoals_ruined_temple
Shoals:4: shoals_end_simple, shoals_ilsuiw_alternative, hangedman_shoal_volcano
Snake:1:  grunt_ministairs_6, uniq_aizul
Snake:2:  serial_shops, shop, spider_trap, hangedman_feature_mirror
Snake:3:  serial_shops, shop_fountains, uniq_vashnia
Snake:4:  johnstein_snake_rune_scales, st_stairs_5, minmay_shoptagon
Orc:1:    serial_shops, shop, nicolae_orc_flooded_monolith,
          nicolae_orc_stony_grotto
Orc:2:    grunt_orc_tribal_feast
Elf:1:    eino_elf_arrival_customs, serial_shops, shop,
          nicolae_trove_entry_path_of_doom, minmay_elf_annihilation,
          kilobyte_rumbling_trees
Elf:2:    serial_shops, nicolae_shop_crystal
Elf:3:    minmay_elf_hall_spiked, serial_shops, nicolae_shop_crystal
Vaults:1: ontoclasm_vaults_spin, nicolae_vaults_branching_niches,
          hangedman_vaults_pinch, nicolae_vaults_big_ls,
          nicolae_vaults_little_squares_3, grunt_vaults_diagonal,
          vaults_dpeg_hooks, hangedman_vaults_restitches,
          hangedman_vaults_locks, hangedman_vaults_slice, vaults_dpeg_spiral,
          grunt_vaults_hallway_short, nicolae_vaults_shelves_hall, serial_shops,
          nicolae_shop_behind_doors
Vaults:2: nicolae_vaults_ring_of_whatevers, nicolae_vaults_mini_display_case,
          v_misc_19, ontoclasm_vaults_loading_screen, v_misc_10,
          ontoclasm_vaults_misaligned, serial_shops, shop, uniq_xtahua,
          uniq_mara, uniq_sojobo
Vaults:3: v_misc_2, nicolae_vaults_display_case, hangedman_vaults_snaps,
          v_misc_25, hangedman_vaults_trim, ontoclasm_vaults_shuriken,
          nicolae_vaults_little_squares_6, v_rooms_4,
          ontoclasm_vaults_claustrophobia, v_misc_31,
          minmay_crypt_entry_simple_plaza, nicolae_vaults_network_barrier,
          vaults_room_door_ring, nicolae_vaults_little_squares_6,
          vaults_room_hallway, uniq_donald
Vaults:4: nicolae_vaults_network_star, nicolae_vaults_theta,
          vaults_mumra_chevron_long, grunt_vaults_bifocal,
          nicolae_vaults_twisting_passages, ontoclasm_vaults_gallery,
          vaults_standard_mumra_lines, ontoclasm_vaults_tryst,
          vaults_room_pools, basic_altar
Vaults:5: serial_shops, uniq_jory
Crypt:1:  uniq_khufu
Crypt:2:  lemuel_statue_altar
Crypt:3:  cryptofortress_bobbens, uniq_frederick, uniq_boris
Bazaar:   bazaar_minmay_generic_d
Ossuary:  ossuary_tomb_3
Bailey:   bailey_polearm_flooded_kennysheep, bailey
Volcano:  volcano_pools

Table legend:
 A = Turns spent in this place as a percentage of turns spent in the entire game.
 B = Non-inter-level travel turns spent in this place as a percentage of non-inter-level travel turns spent in the entire game.
 C = Inter-level travel turns spent in this place as a percentage of turns spent in this place.
 D = Turns resting spent in this place as a percentage of non-inter-level travel turns spent in this place.
 E = Turns spent auto-exploring this place as a percentage of non-inter-level travel turns spent in this place.
 F = Non-inter-level travel turns spent in this place divided by the number of levels of this place that you've seen.
                   A       B       C       D       E      F
               +-------+-------+-------+-------+-------+----------------------
         Total | 100.0 | 100.0 |   0.5 |   4.4 |   4.8 | 493.7
       Dungeon |  29.3 |  29.3 |   0.6 |   5.0 |   5.7 | 452.5
        Temple |   0.3 |   0.3 |   1.4 |   0.0 |  21.4 |  70.0
          Lair |  10.9 |  10.9 |   0.8 |   5.4 |   4.9 | 420.3
        Shoals |   8.1 |   8.1 |   0.5 |   2.1 |   1.4 | 470.8
     Snake Pit |   8.4 |   8.4 |   0.6 |   4.5 |   5.3 | 487.5
  Orcish Mines |   2.8 |   2.8 |   0.5 |   3.4 |   8.4 | 326.5
   Elven Halls |  10.3 |  10.3 |   0.3 |   5.3 |   3.8 | 799.0
        Vaults |  14.8 |  14.8 |   0.4 |   3.0 |   7.2 | 687.4
         Crypt |  10.7 |  10.7 |   0.2 |   5.3 |   2.3 | 829.3
        Bazaar |   0.8 |   0.8 |   0.0 |   1.1 |   0.0 | 175.0
       Ossuary |   0.6 |   0.6 |   0.0 |   5.9 |   0.0 | 135.0
        Bailey |   2.2 |   2.2 |   0.0 |   5.1 |   0.4 | 514.0
       Volcano |   0.8 |   0.8 |   0.0 |   3.2 |   0.0 | 190.0
               +-------+-------+-------+-------+-------+----------------------

Table legend:
 A = Kills in this place as a percentage of kills in entire the game.
 B = Kills by you in this place as a percentage of kills by you in the entire game.
 C = Kills by friends in this place as a percentage of kills by friends in the entire game.
 D = Other kills in this place as a percentage of other kills in the entire game.
 E = Experience gained in this place as a percentage of experience gained in the entire game.
 F = Experience gained in this place divided by the number of levels of this place that you have seen.
                   A       B       C       D       E      F
               +-------+-------+-------+-------+-------+----------------------
         Total | 100.0 | 100.0 | 100.0 | 100.0 | 100.0 | 21441.6
       Dungeon |  27.7 |  26.2 |  49.6 |  33.3 |   9.1 | 6146.8
          Lair |  13.5 |  14.3 |   2.3 |   0.0 |   6.7 | 11312.0
        Shoals |   8.0 |   8.0 |   9.2 |   0.0 |   9.9 | 24859.8
     Snake Pit |   9.1 |   9.4 |   6.1 |   0.0 |  11.4 | 28838.2
  Orcish Mines |   3.6 |   3.8 |   0.8 |   0.0 |   1.4 | 6941.0
   Elven Halls |   7.4 |   7.2 |  10.7 |   0.0 |  12.0 | 40361.0
        Vaults |  17.4 |  18.2 |   6.9 |   0.0 |  28.2 | 56765.4
         Crypt |  10.2 |  10.5 |   6.1 |   0.0 |  20.7 | 69374.3
       Ossuary |   0.7 |   0.2 |   8.4 |   0.0 |   0.0 | 332.0
        Bailey |   1.8 |   1.5 |   0.0 |  66.7 |   0.3 | 2651.0
       Volcano |   0.6 |   0.6 |   0.0 |   0.0 |   0.3 | 2990.0
               +-------+-------+-------+-------+-------+----------------------
